 Dungeon Crawl Stone Soup version 0.23.0 (webtiles) character file.

Game seed: 1732658468235426740

121 doot the Poker (level 5, 0/39 HPs)
             Began as a Merfolk Gladiator on Feb 11, 2019.
             Succumbed to an orc wizard's poison
             ... on level 3 of the Dungeon.
             The game lasted 00:02:57 (1423 turns).

doot the Poker (Merfolk Gladiator)                  Turns: 1423, Time: 00:02:58

Health: 0/39       AC:  5    Str: 15    XL:     5   Next: 5%
Magic:  5/5        EV: 14    Int:  8    God:
Gold:   97         SH:  0    Dex: 15    Spells: 4/4 levels left

rFire    . . .     SeeInvis .   a - +0 trident
rCold    . . .     Gourm    .   (no shield)
rNeg     . . .     Faith    .   b - +0 leather armour
rPois    .         Spirit   .   c - +0 helmet
rElec    .         Reflect  .   (no cloak)
rCorr    .         Harm     .   l - +0 pair of gloves
MR       .....                  (no boots)
Stlth    +.........             (no amulet)
HPRegen  0.13/turn              (no ring)
MPRegen  0.09/turn              (no ring)

@: lethally poisoned (0 -> -8)
A: change form in water, swift swim, stealthy swim
a: no special abilities


You were on level 3 of the Dungeon.
You were not hungry.

You visited 1 branch of the dungeon, and saw 4 of its levels.

You collected 97 gold pieces.

Inventory:

Hand Weapons
 a - a +0 trident (weapon)
Missiles
 d - 3 throwing nets (quivered)
Armour
 b - a +0 leather armour (worn)
 c - a +0 helmet (worn)
 l - a +0 pair of gloves (worn)
Scrolls
 g - a scroll of enchant weapon {unknown}
 h - a scroll of blinking {unknown}
 i - a scroll of remove curse {unknown}
 j - a scroll of teleportation {unknown}
 k - a scroll of identify {unknown}
 m - a scroll of magic mapping {unknown}
Comestibles
 f - 2 rations


   Skills:
 + Level 2.7 Fighting
 + Level 6.1 Polearms
 + Level 2.1 Throwing
 + Level 1.2 Armour
 + Level 5.0 Dodging
 + Level 0.3 Stealth


You had 4 spell levels left.
You didn't know any spells.
Your spell library was empty.

Dungeon Overview and Level Annotations

Branches:
Dungeon (4/15)
 Temple: D:4-7

Altars:
Nemelex Xobeh
Okawaru
Ru

Annotations:
D:3 Robin


Message History

* * * LOW HITPOINT WARNING * * *
You feel sick.
The adder hisses angrily.
The orc throws a tomahawk.
The tomahawk completely misses you.
Found a spear.
You see here a tomahawk.
* * * LOW HITPOINT WARNING * * *
You feel sick. The orc wizard completely misses you.
* * * LOW HITPOINT WARNING * * *
You feel sick. The frilled lizard closely misses you.
The orc wizard hits you with a +1 dagger of venom.
* * * LOW HITPOINT WARNING * * *
* * * LOW HITPOINT WARNING * * *
You feel sick.
It was a potion of magic.
Magic courses through your body.
* * * LOW HITPOINT WARNING * * *
You feel sick.
The frilled lizard bites you but does no damage.
You closely miss the frilled lizard.
You die... ### ..# # #.# #. #.# #.#####.######. #.)............ ..( #@# #. #.##l### .sb

#..Sos.#..#
###o##...#
###g(o..##
#..†[##..#
#.#.(# #..)
#..._..##
#### ###..
.#.#.#..


You could see an orc wizard, an adder, an orc, a giant cockroach, a hobgoblin
and a frilled lizard.

Vanquished Creatures
  A scorpion (D:4)
  A worker ant (D:4)
  An adder (D:2)
  A worm (D:2)
  2 orcs (D:3)
  A ball python (D:3)
  2 giant cockroaches (D:1)
  8 goblins
  5 hobgoblins
  3 kobolds
  5 bats
  4 frilled lizards
  A jackal skeleton (D:4)
  A quokka skeleton (D:4)
  3 rats
39 creatures vanquished.

Notes
Turn   | Place    | Note
-------+----------+-------------------------------------------
     0 | D:1      | doot the Merfolk Gladiator began the quest for the Orb.
     0 | D:1      | Reached XP level 1. HP: 16/16 MP: 1/1
    89 | D:1      | Found a sparkling altar of Nemelex Xobeh.
    94 | D:1      | Reached XP level 2. HP: 16/22 MP: 2/2
   211 | D:1      | Reached skill level 5 in Polearms
   236 | D:3      | Noticed Robin
   242 | D:4      | Noticed a scorpion
   255 | D:4      | Killed a scorpion
   255 | D:4      | Reached XP level 3. HP: 10/28 MP: 3/3
   255 | D:4      | Reached XP level 4. HP: 12/34 MP: 4/4
   634 | D:4      | Reached skill level 1 in Armour
   708 | D:4      | Found an iron altar of Okawaru.
  1149 | D:2      | Reached skill level 6 in Polearms
  1400 | D:3      | Found a sacrificial altar of Ru.
  1401 | D:3      | Reached XP level 5. HP: 24/39 MP: 5/5
  1406 | D:3      | Reached skill level 5 in Dodging
  1422 | D:3      | HP: 1/39 [poisoned by an orc wizard]
  1423 | D:3      | Succumbed to an orc wizard's poison

Skill      XL: |  1  2  3  4  5 |
---------------+----------------+-----
Polearms       | 5 6 |  6.1
Armour         | 1 |  1.2
Dodging        | 5 |  5.0
Fighting       | |  2.7
Throwing       | |  2.1
Stealth        | |  0.3

Action                   |  1- 3 |  4- 6 || total
-------------------------+-------+-------++-------
Melee: Trident           |    60 |    72 ||   132
  Use: Potion            |     1 |     1 ||     2
 Stab: Sleeping          |       |     2 ||     2
  Eat: Chunk             |       |     2 ||     2
Armor: Leather armour    |     8 |    23 ||    31
Dodge: Dodged            |    27 |    75 ||   102
